 Dungeon Crawl Stone Soup version 0.21-a0-582-g1b93aee (webtiles) character file.

51 Amnesiac the Shield-Bearer (level 4, 0/30 HPs)
             Began as a Halfling Fighter on Dec 19, 2017.
             Slain by a gnoll
             ... wielding a +0 whip
              (3 damage)
             ... on level 2 of the Dungeon.
             The game lasted 00:01:16 (593 turns).

Amnesiac the Shield-Bearer (Halfling Fighter)        Turns: 593, Time: 00:01:16

Health: 0/30       AC:  6    Str: 18    XL:     4   Next: 7%
Magic:  4/4        EV: 11    Int: 11    God:
Gold:   77         SH:  9    Dex: 13    Spells: 3/3 levels left

rFire    . . .     SeeInvis .   a - +0 rapier
rCold    . . .     Gourm    .   c - +0 shield
rNeg     . . .     Faith    .   b - +0 scale mail
rPois    .         Spirit   .   (no helmet)
rElec    .         Reflect  .   (no cloak)
rCorr    .         Harm     .   (no gloves)
MR       .....                  (no boots)
Stlth    ..........             (no amulet)
HPRegen  0.10/turn              (no ring)
MPRegen  0.09/turn              (no ring)

@: brilliant, lethally poisoned (0 -> -16)
A: small, mutation resistance 1
a: no special abilities


You were on level 2 of the Dungeon.
You were not hungry.

You visited 1 branch of the dungeon, and saw 2 of its levels.

You collected 77 gold pieces.

Inventory:

Hand Weapons
 a - a +0 rapier (weapon)
 j - a +0 whip of flaming
Missiles
 e - 46 stones (quivered)
 i - 18 poisoned needles
Armour
 b - a +0 scale mail (worn)
 c - a +0 shield (worn)
Scrolls
 k - a scroll of remove curse {!r, unknown}
 l - a scroll of teleportation {!r, unknown}
Potions
 d - a potion of might {!q}
 m - a potion of mutation {!q, unknown}
Comestibles
 f - 3 rations
 h - a chunk of flesh


   Skills:
 + Level 2.7 Fighting
 - Level 2.4 Short Blades
 + Level 3.3 Armour
 + Level 3.3 Dodging
 + Level 3.3 Shields


You had 3 spell levels left.
You didn't know any spells.

Dungeon Overview and Level Annotations

Branches:
Dungeon (2/15)

Altars:


Innate Abilities, Weirdness & Mutations

You are small and have problems with some larger weapons.
You are somewhat resistant to further mutation.


Message History

You kill the giant cockroach!
No target in view!
A gnoll comes into view. It is wielding a whip of venom.
You see here a giant cockroach corpse.
A gnoll comes into view. It is wielding a spear.
The gnoll shouts! x2; You hear a shout!
The gnoll moves out of view.
A gnoll is nearby!
There are monsters nearby!
There are monsters nearby!
The gnoll closely misses you. You block the gnoll's attack.
Press: ? - help, v - describe, . - travel
Here: a gnoll, wielding a whip of venom The floor.
You closely miss the gnoll. You block the gnoll's attack. x2
The gnoll hits you but does no damage.
You are poisoned.
A gnoll comes into view. It is wielding a whip.
You hit the gnoll.
The gnoll is heavily wounded.
You feel sick.
The gnoll hits you but does no damage. x2
You are more poisoned.
You closely miss the gnoll.
The gnoll is heavily wounded.
You feel sick.
The gnoll hits you from afar with a spear.
The gnoll barely misses you.
You hit the gnoll.
The gnoll is almost dead.
You feel sick. The gnoll hits you but does no damage.
The gnoll hits you with a whip of venom.
You are lethally poisoned!
You closely miss the gnoll.
The gnoll is almost dead.
You feel sick. You block the gnoll's attack.
The gnoll hits you but does no damage.
You are more poisoned.
You hit the gnoll.
You kill the gnoll!
You have reached level 4!
You feel sick.
The gnoll hits you from afar with a spear.
* * * LOW HITPOINT WARNING * * *
The gnoll hits you from afar with a spear.
* * * LOW HITPOINT WARNING * * *
You block the gnoll's attack.
Unknown command.
Okay, then.
* * * LOW HITPOINT WARNING * * *
You feel sick.
* * * LOW HITPOINT WARNING * * *
You feel sick.
* * * LOW HITPOINT WARNING * * *
You feel sick.
* * * LOW HITPOINT WARNING * * *
You feel sick.
* * * LOW HITPOINT WARNING * * *
You feel sick.
Really quaff
g - a blue potion {!q}?
It was a potion of brilliance {!q}.
You feel clever all of a sudden.
* * * LOW HITPOINT WARNING * * *
You feel sick. The gnoll hits you with a whip.
You die...

#...#.## #
##.###..###.# #..
#......# . #.#
#..?####. #.
##.####.....<...
.#.####....†.....#####
..................#
#..#...gg....##.#
#)...##@...# ..#
.......#####....# .#
####..# .....# . #..
####.... #.. ##### #..
.. .##


You could see 2 gnolls.

Vanquished Creatures
  A gnoll (D:2)
  An adder (D:2)
  2 dart slugs (D:1)
  A leopard gecko (D:2)
  4 giant cockroaches
  4 goblins (D:1)
  3 hobgoblins (D:1)
  5 kobolds (D:1)
  2 bats (D:1)
  2 frilled lizards (D:1)
  2 rats (D:1)
27 creatures vanquished.

Notes
Turn   | Place    | Note
-------+----------+-------------------------------------------
     0 | D:1      | Amnesiac the Halfling Fighter began the quest for the Orb.
     0 | D:1      | Reached XP level 1. HP: 15/15 MP: 1/1
    43 | D:1      | Reached skill level 1 in Dodging
    49 | D:1      | Reached XP level 2. HP: 18/20 MP: 2/2
   229 | D:1      | Reached XP level 3. HP: 22/25 MP: 3/3
   587 | D:2      | Reached XP level 4. HP: 18/30 MP: 4/4
   593 | D:2      | Slain by a gnoll

Vault maps used:
D:1:      ncdulo_wetmaze, eino_curves_02, minmay_box_of_dots
D:2:      grunt_ministairs_4

Skill      XL: |  1  2  3 |
---------------+----------+-----
Dodging        | 1 2 3 |  3.3
Fighting       | |  2.7
Short Blades   | |  2.4
Armour         | |  3.3
Shields        | |  3.3

Action                   |  1- 3 |  4- 6 || total
-------------------------+-------+-------++-------
Melee: Rapier            |   103 |       ||   103
  Use: Potion            |       |     1 ||     1
Armor: Scale mail        |    36 |       ||    36
Dodge: Dodged            |    47 |       ||    47
Block: Shield            |    68 |     1 ||    69

Table legend:
 A = Spawn XP
 B = Non-spawn XP
 C = Spawn XP percentage of total XP
 D = Spawn monster count
 E = Non-spawn monster count
 F = Spawn count percentage of total count
 G = Total turns spent on level
                    A         B        C        D         E        F      G
               +---------+---------+-------+---------+---------+-------+---------
         Total |       0 |      74 |   0.0 |       0 |      27 |   0.0 |   593
               +---------+---------+-------+---------+---------+-------+---------
           D:1 |       0 |      41 |   0.0 |       0 |      23 |   0.0 |   541
           D:2 |       0 |      33 |   0.0 |       0 |       4 |   0.0 |    52
               +---------+---------+-------+---------+---------+-------+---------
